 Dungeon Crawl Stone Soup version 0.29-a0-914-g906f1d757c (webtiles) character file.

Game seed: 17764155281878532172

87 2tc the Poker (level 4, 0/32 (33) HPs)
             Began as a Merfolk Gladiator on July 26, 2022.
             Slain by Crazy Yiuf
             ... wielding a +2 quarterstaff of chaos
              (1 damage)
             ... on level 3 of the Dungeon.
             The game lasted 00:05:09 (2241 turns).

2tc the Poker (Merfolk Gladiator)                   Turns: 2241, Time: 00:05:09

HP:   0/32 (33)     AC:  4    Str: 20    XL:     4   Next: 51%
MP:   4/4           EV: 13    Int:  7    God:
Gold: 63            SH:  0    Dex: 17    Spells: 3/3 levels left

rFire   . . .      SeeInvis .   a - +0 trident
rCold   . . .      Faith    .   (no shield)
rNeg    . . .      Spirit   .   b - +0 leather armour
rPois   .          Reflect  .   c - +0 helmet
rElec   .          Harm     .   (no cloak)
rCorr   .          Rampage  .   (no gloves)
Will    .....                   (no boots)
Stlth   +.........              (no amulet)
HPRegen 0.10/turn               k - +6 ring of strength
MPRegen 0.09/turn               (no ring)

@: lightly drained
A: (nimble swimmer 2), mertail
a: no special abilities


You were on level 3 of the Dungeon.
You visited 1 branch of the dungeon, and saw 3 of its levels.

You collected 63 gold pieces.

Inventory:

Hand Weapons
 a - a +0 trident (weapon)
Missiles
 d - 2 throwing nets (quivered)
 e - a javelin
Armour
 b - a +0 leather armour (worn)
 c - a +0 helmet (worn)
Jewellery
 k - a +6 ring of strength (left hand)
Potions
 f - a potion of lignification
 g - a potion of curing {unknown}
 h - a potion of berserk rage {unknown}
 i - a potion of attraction {unknown}
 j - 2 potions of haste {unknown}


   Skills:
 - Level 2.1 Fighting
 * Level 6.4 Polearms
 - Level 2.0 Throwing
 + Level 0.9 Armour
 - Level 4.0 Dodging
 + Level 0.6 Stealth


You had 3 spell levels left.
You didn't know any spells.
Your spell library contained the following spells:

 Spells                   Type           Power      Damage    Failure   Level
 Apportation              Tloc           0%         N/A       50%         1
 Foxfire                  Conj/Fire      0%         2x1d4     50%         1
 Conjure Flame            Conj/Fire      0%         6-21      86%         3
 Inner Flame              Hex/Fire       0%         N/A       86%         3
 Flame Wave               Conj/Fire      0%         2d4       99%         4
 Alistair's Intoxication  Tmut/Pois      0%         N/A       100%        5


Dungeon Overview and Level Annotations

Branches:
Dungeon (3/15)

Altars:

Shops:
D:1 [

Annotations:
D:3 Crazy Yiuf


Innate Abilities, Weirdness & Mutations

((You are very nimble when in or above water. (Stealth+, EV+, Speed+++)))
Your lower body shifts to a powerful aquatic tail in water.


Message History

The frilled lizard completely misses you.
You puncture the frilled lizard!
You kill the frilled lizard!
No target in view!
You see here a +0 robe.
There is a stone staircase leading up here.
There is a stone staircase leading up here.
You see here a +0 hammer.
Crazy Yiuf shouts!
Crazy Yiuf waves his quarterstaff at you.
You open the door.
You aren't carrying any items that you can evoke.
Throw: 3 throwing nets
Press: ? - help, Q - select action, (/) - cycle Shift-Dir - straight line, f - Crazy Yiuf
Aim: Crazy Yiuf, wielding a +2 quarterstaff of chaos and wearing a +2 cloak of stealth (65% to hit)
You throw a throwing net.
The throwing net barely misses Crazy Yiuf.
You closely miss Crazy Yiuf.
Crazy Yiuf whimpers, "Proton!"
Crazy Yiuf misses you.
You hit Crazy Yiuf.
Crazy Yiuf is lightly wounded.
Crazy Yiuf closely misses you.
You hit Crazy Yiuf.
Crazy Yiuf is moderately wounded.
Crazy Yiuf hits you with a +2 quarterstaff of chaos!
You hit Crazy Yiuf.
Crazy Yiuf is heavily wounded.
Crazy Yiuf barely misses you.
You hit Crazy Yiuf but do no damage.
Crazy Yiuf is heavily wounded.
Crazy Yiuf cries, "Race!"
Crazy Yiuf hits you with a +2 quarterstaff of chaos!
You feel drained.
You hit Crazy Yiuf.
Crazy Yiuf is severely wounded.
Crazy Yiuf hits you with a +2 quarterstaff of chaos!
* * * LOW HITPOINT WARNING * * *
Crazy Yiuf burns you.
You die...

...........# #.#
#............#
######...### #.#
#####.#.####)# ###.##
#.# #......# #.# #...#
### ######### #.#
#####[..# #.b.###.#
........##♣♣♣♣♣
#..b....#
#####.......♣.♣♣♣ ###
#(..#####
#.....)..♣..♣#...#
#####
##....).♣♣♣♣@g..(# #.#
##....♣♣ ♣♣#..)# #.####
#.##♣♣ ### #....# #.#
#.#..# #.# #.#..#
#.################.#..#
#........#.........#..#
#########.#####...##..#
#.............##..#


You could see Crazy Yiuf.

Vanquished Creatures
  2 adders (D:2)
  4 orcs (D:3)
  2 ball pythons
  6 endoplasms
  5 giant cockroaches
  8 goblins
  6 hobgoblins
  9 kobolds
  2 quokkas (D:1)
  7 bats
  3 frilled lizards
  3 rats
57 creatures vanquished.

Notes
Turn   | Place    | Note
-------+----------+-------------------------------------------
     0 | D:1      | 2tc the Merfolk Gladiator began the quest for the Orb.
     0 | D:1      | Reached XP level 1. HP: 16/16 MP: 1/1
    50 | D:1      | Reached XP level 2. HP: 22/22 MP: 2/2
   388 | D:1      | Reached skill level 5 in Polearms
   441 | D:1      | Found Pamot's Antique Armour Boutique.
   502 | D:1      | Reached XP level 3. HP: 27/27 MP: 3/3
  1062 | D:2      | Reached skill level 6 in Polearms
  1100 | D:2      | Reached XP level 4. HP: 33/33 MP: 4/4
  1997 | D:3      | Found a runed translucent door.
  1998 | D:3      | Noticed Crazy Yiuf
  2241 | D:3      | HP: 1/32 [Crazy Yiuf/+2 quarterstaff of chaos (9)]
  2241 | D:3      | Slain by Crazy Yiuf

Illustrated notes

Levels and vault maps discovered:
D:1:      minmay_arrival_cross, layout_rooms, serial_shops,
          nicolae_shop_hallway_plus
D:2:      layout_basic, serial_aquarium, aquarium_bridge_square
          [aquarium_subvault_bridge, aquarium_subvault_wall,
          aquarium_subvault_balcony, aquarium_subvault_bridge],
          aquarium_bridge_island_small [aquarium_subvault_small_open,
          aquarium_subvault_window, aquarium_subvault_bridge,
          aquarium_subvault_wall, aquarium_subvault_wall], aquarium_window_2,
          aquarium_window_1, aquarium_window_1, aquarium_view_2c,
          aquarium_view_2b, aquarium_balcony_3a, aquarium_pool_split
D:3:      layout_loops_ring, uniq_crazy_yiuf_cottage

Skill      XL: |  1  2  3 |
---------------+----------+-----
Polearms       | 5 6 |  6.4
Fighting       | |  2.1
Throwing       | |  2.0
Armour         | |  0.9
Dodging        | |  4.0
Stealth        | |  0.6

Action                   |  1- 3 |  4- 6 || total
-------------------------+-------+-------++-------
Melee: Trident           |    98 |    53 ||   151
       Punch             |     1 |       ||     1
Throw: Throwing net      |       |     1 ||     1
  Use: Scroll            |     4 |     2 ||     6
 Stab: Sleeping          |     1 |     1 ||     2
Armor: Leather armour    |    20 |     4 ||    24
Dodge: Dodged            |    54 |    15 ||    69

Table legend: (Time is in decaauts)
 A = Elapsed time spent in this place.
 B = Non-inter-level travel time spent in this place.
 C = Inter-level travel time spent in this place.
 D = Time resting spent in this place.
 E = Time spent auto-exploring this place.
 F = Levels seen in this place.
 G = Mean time per level.
                   A        B        C        D        E       F      G
               +--------+--------+--------+--------+--------+-----+--------+
         Total |   2244 |   2158 |     86 |    100 |   1712 |   3 |  748.0 |
       Dungeon |   2244 |   2158 |     86 |    100 |   1712 |   3 |  748.0 |
               +--------+--------+--------+--------+--------+-----+--------+

Top non-repeatable levels by time:
     D:2: 863 daAuts
     D:1: 731 daAuts
     D:3: 650 daAuts
